 Dungeon Crawl Stone Soup version 0.31-a0-977-gc230f8ef24 (webtiles) character file.

Game seed: 2392584030635501076

2071 Spaninq the Chopper (level 9, -5/74 HPs)
             Began as a Gnoll Cinder Acolyte on Oct 29, 2023.
             Was an Initiate of Sif Muna.
             Killed from afar by a manticore (13 damage)
             ... with a volley of spikes
             ... on level 11 of the Dungeon on Oct 30, 2023.
             The game lasted 00:23:34 (8486 turns).

Spaninq the Chopper (Gnoll Cinder Acolyte)          Turns: 8486, Time: 00:23:35

Health: -5/74      AC: 15    Str: 13    XL:     9   Next: 26%
Magic:  13/16      EV: 11    Int: 19    God:    Sif Muna [......]
Gold:   257        SH:  0    Dex: 12    Spells: 15/18 levels left

rFire   . . .        e - staff of fire
rCold   + + .        (no shield)
rNeg    + . .        p - +3 ring mail of the Ageless Knives {rC++ Dex+5}
rPois   .            m - +0 helmet
rElec   .            (no cloak)
rCorr   .            l - +0 pair of gloves
SInv    .            (no boots)
Will    .....        (no amulet)
Stlth   ++           r - +4 ring of protection
HPRegen 0.32/turn    s - ring of positive energy
MPRegen 0.15/turn

%: no passive effects
@: spiked, fire susceptible
A: fangs 1, strong nose, distributed training
a: Renounce Religion


You were on level 11 of the Dungeon.
You worshipped Sif Muna.
Sif Muna was noncommittal.
You visited 2 branches of the dungeon, and saw 9 of its levels.

You collected 257 gold pieces.

Inventory:

Hand Weapons
 a - a +0 hand axe of flaming
 c - a +4 spear of venom
Armour
 k - a +0 scale mail of poison resistance
 l - a +0 pair of gloves (worn)
 m - a +0 helmet (worn)
 p - the +3 ring mail of the Ageless Knives (worn) {rC++ Dex+5}
   (You found it on level 3 of the Dungeon)

   Dex+5:     It affects your dexterity (+5).
   rC++:      It greatly protects you from cold.
Magical Staves
 e - a staff of fire (weapon)
Jewellery
 r - a +4 ring of protection (left hand)
 s - a ring of positive energy (right hand)
Wands
 f - a wand of mindburst (23)
 n - a wand of roots (27)
 u - a wand of quicksilver (9)
Scrolls
 i - 3 scrolls of blinking
 y - a scroll of immolation
Potions
 b - a potion of invisibility
 g - a potion of ambrosia
 h - a potion of degeneration {unknown}
 j - a potion of brilliance
 o - 2 potions of heal wounds
 q - a potion of might
 t - a potion of enlightenment
 v - a potion of cancellation


   Skills:
 + Level 7.8 Fighting
 + Level 4.1 Short Blades
 + Level 4.1 Long Blades
 + Level 7.8 Axes
 + Level 4.1 Maces & Flails
 + Level 4.1 Polearms
 + Level 4.1 Staves
 + Level 4.1 Ranged Weapons
 + Level 4.1 Throwing
 + Level 4.1 Armour
 + Level 4.1 Dodging
 + Level 4.1 Stealth
 + Level 4.1 Shields
 + Level 4.1 Unarmed Combat
 + Level 5.1 Spellcasting
 + Level 3.4 Conjurations
 + Level 3.4 Hexes
 + Level 3.4 Summonings
 + Level 3.4 Necromancy
 + Level 3.4 Translocations
 + Level 3.4 Transmutations
 + Level 6.5 Fire Magic
 + Level 3.4 Ice Magic
 + Level 3.4 Air Magic
 + Level 3.4 Earth Magic
 + Level 3.4 Poison Magic
 + Level 4.5 Invocations
 + Level 4.1 Evocations
 + Level 3.7 Shapeshifting


You had 15 spell levels left.
You knew the following spells:

 Your Spells              Type           Power      Damage    Failure   Level
a - Scorch                Fire           88%        2d8       2%          2
b - Apportation           Tloc           34%        N/A       6%          1

Your spell library contained the following spells:

 Spells                   Type           Power      Damage    Failure   Level
 Jinxbite                 Hex            34%        N/A       10%         2
 Poisonous Vapours        Pois/Air       34%        N/A       10%         2
 Sublimation of Blood     Necr           17%        N/A       10%         2
 Mephitic Cloud           Conj/Pois/Air  17%        N/A       19%         3
 Petrify                  Tmut/Erth      17%        N/A       52%         4
 Alistair's Intoxication  Tmut/Pois      11%        N/A       86%         5
 Freezing Cloud           Conj/Ice/Air   8%         6-21      86%         5
 Irradiate                Conj/Tmut      8%         3d14      86%         5


Dungeon Overview and Level Annotations

Branches:
Dungeon (6/15)             Temple (1/1) D:5

Altars:
Ashenzari
Dithmenos
Elyvilon
Fedhas
Gozag
Hepliaklqana
Kikubaaqudgha
Makhleb
Nemelex Xobeh
Ru
Sif Muna
Uskayaw
Wu Jian
Xom
Yredelemnul
Zin
The Shining One

Shops:
D:4 !

Annotations:
D:3 1 runed translucent door, Xavori's ghost, amateur DjCK
D:6 1 transporter, soul19's ghost, novice DsFi


Innate Abilities, Weirdness & Mutations

You have very sharp teeth.
Your uncanny sense of smell can sniff out nearby items.
Your experience applies equally to all skills.


Message History

Found 2 gold pieces.
The orc wizard mumbles some strange words.
The orc wizard flickers and vanishes!
Deactivating autopickup; reactivate with Ctrl-A.
The komodo dragon attacks as it pursues you!
The komodo dragon bites you!!
The orc wizard gestures at you while chanting.
The puff of flame hits you but does no damage.
You're too confused to move!
The komodo dragon bites you!!
* * * LOW HITPOINT WARNING * * *
The orc wizard casts a spell.
The orc wizard flickers and vanishes!
You hear a shout!
You feel less confused.
The komodo dragon attacks as it pursues you!
The komodo dragon bites you!
* * * LOW HITPOINT WARNING * * *
The komodo dragon attacks as it pursues you!
The komodo dragon bites you but does no damage.
An orc priest comes into view. It is wielding a +0 dagger.
The orc priest shouts!
A magic dart appears from out of thin air!
The magic dart hits you but does no damage.
Found 20 gold pieces.
The komodo dragon attacks as it pursues you!
The komodo dragon bites you but does no damage.
The orc priest looks braver for a moment.
An orc comes into view. It is wielding a +0 club.
An orc comes into view.
It is wielding a +0 hand axe and wearing a +1 leather armour of poison resistance.
The komodo dragon attacks as it pursues you!
The komodo dragon bites you but does no damage.
Something tries to affect you, but you resist.
An orc priest comes into view. It is wielding a +0 mace.
Found a stone staircase leading up.
The orc priest shouts!
You hear a shout!
The komodo dragon hisses menacingly.
The manticore flicks its tail.
The volley of spikes hits you!
The barbed spikes become lodged in your body.
You die...

#.......#8. ∆∆ #......#
#....$..#.#+## #######......#
##.......8#..###...l........# ∆
#..####..#....#.#####......#
#..#####8#....#.# #......#
...#........#....#l# #......#
............H....#.#####......#
≈≈≈≈≈≈≈≈≈≈≈≈≈8...#...l........#
≈≈≈≈≈≈≈≈≈≈≈≈8≈.l@#######......#
##########'.≈≈.........#......#
..#.≈≈$.....$..#......#
..o##≈≈.........#......#
o....o.o.........#.####.#
o...##≈≈.........#.# #.#
.≈≈.........#.# #.#
o.≈≈....<....#. #.# #.####.#


You could see a manticore, a komodo dragon, an orc warrior and 2 orc priests.

Vanquished Creatures
  A wyvern (D:9)
  A yak (D:9)
  2 water moccasins
  2 phantoms
  3 bullfrogs (D:9)
  A gnoll sergeant (D:5)
  3 scorpions
  3 crimson imps
  2 gnoll boudas
  7 orc priests
  3 hounds
  A jelly (D:4)
  Terence (D:2)
  3 iguanas
  3 orc wizards
  16 gnolls
  An adder (D:2)
  A white imp (D:6)
  2 worms
  A dart slug (D:4)
  29 orcs
  7 endoplasms
  3 giant cockroaches
  6 goblins
  7 hobgoblins
  7 jackals
  12 kobolds
  5 quokkas
  5 ball pythons
  6 bats
  10 frilled lizards
  5 rats
159 creatures vanquished.

Vanquished Creatures (others)
  An iguana (D:5)
1 creature vanquished.

Grand Total: 160 creatures vanquished

Notes
Turn   | Place    | Note
-------+----------+-------------------------------------------
     0 | D:1      | Spaninq the Gnoll Cinder Acolyte began the quest for the
                  | Orb.
     0 | D:1      | Reached XP level 1. HP: 23/23 MP: 4/4
    26 | D:1      | Reached XP level 2. HP: 7/29 MP: 5/5
   123 | D:1      | Learned a level 2 spell: Scorch
   562 | D:1      | Reached XP level 3. HP: 34/35 MP: 4/7
  1187 | D:1      | Reached skill level 1 in Invocations
  1505 | D:2      | Noticed Terence
  1514 | D:2      | Reached skill level 1 in Short Blades
  1514 | D:2      | Reached skill level 1 in Long Blades
  1514 | D:2      | Reached skill level 1 in Maces & Flails
  1514 | D:2      | Reached skill level 1 in Polearms
  1514 | D:2      | Reached skill level 1 in Staves
  1514 | D:2      | Reached skill level 1 in Ranged Weapons
  1514 | D:2      | Reached skill level 1 in Throwing
  1514 | D:2      | Reached skill level 1 in Armour
  1514 | D:2      | Reached skill level 1 in Dodging
  1514 | D:2      | Reached skill level 1 in Stealth
  1514 | D:2      | Reached skill level 1 in Shields
  1514 | D:2      | Reached skill level 1 in Unarmed Combat
  1514 | D:2      | Reached skill level 1 in Evocations
  1592 | D:2      | Killed Terence
  1593 | D:2      | Reached skill level 1 in Shapeshifting
  1593 | D:2      | Reached XP level 4. HP: 38/41 MP: 1/8
  1737 | D:2      | Learned a level 1 spell: Apportation
  1786 | D:2      | Reached skill level 1 in Conjurations
  1786 | D:2      | Reached skill level 1 in Hexes
  1786 | D:2      | Reached skill level 1 in Summonings
  1786 | D:2      | Reached skill level 1 in Necromancy
  1786 | D:2      | Reached skill level 1 in Translocations
  1786 | D:2      | Reached skill level 1 in Transmutations
  1786 | D:2      | Reached skill level 1 in Ice Magic
  1786 | D:2      | Reached skill level 1 in Air Magic
  1786 | D:2      | Reached skill level 1 in Earth Magic
  1786 | D:2      | Reached skill level 1 in Poison Magic
  2533 | D:3      | Identified the +3 ring mail of the Ageless Knives {rC++
                  | Dex+5}
  2878 | D:3      | Found a runed translucent door.
  2878 | D:3      | Noticed Xavori's ghost (amateur DjCK)
  3510 | D:4      | Noticed a phantom
  3570 | D:4      | Reached XP level 5. HP: 47/47 MP: 4/9
  3648 | D:4      | Found a shimmering altar of Xom.
  4119 | D:4      | Reached XP level 6. HP: 49/53 MP: 3/11
  4230 | D:4      | Found a broken altar of Ashenzari.
  4796 | D:4      | Found a hide-covered altar of Uskayaw.
  5058 | D:4      | Reached XP level 7. HP: 59/59 MP: 7/12
  5260 | D:4      | Found Gixzakai's Distillery.
  5761 | D:5      | Entered Level 5 of the Dungeon
  6358 | D:5      | Reached XP level 8. HP: 67/67 MP: 3/14
  7485 | D:5      | Found a staircase to the Ecumenical Temple.
  7494 | Temple   | Entered the Ecumenical Temple
  7503 | Temple   | Fell from the grace of Ignis
  7503 | Temple   | Became a worshipper of Sif Muna the Loreminder
  7642 | D:6      | Found a transporter.
  7645 | D:6      | Noticed a queen bee
  7667 | D:6      | Noticed a hornet
  7689 | D:6      | Noticed soul19's ghost (novice DsFi)
  7967 | D:6      | Found a blossoming altar of Fedhas.
  8144 | D:6      | You fall into a shaft and drop 3 floors!
  8157 | D:9      | Noticed a yak
  8157 | D:9      | Noticed a wyvern
  8173 | D:9      | Reached XP level 9. HP: 70/73 MP: 3/16
  8404 | D:9      | Reached skill level 5 in Spellcasting
  8415 | D:9      | You fall into a shaft and drop 2 floors!
  8422 | D:11     | Noticed a komodo dragon
  8474 | D:11     | Noticed a manticore
  8486 | D:11     | Killed from afar by a manticore

Illustrated notes

Levels and vault maps discovered:
D:1:      onia_arrival_pentagram, layout_basic
D:2:      layout_basic, minmay_pentomino_v2, uniq_terence
D:3:      minmay_door_path, layout_basic, gammafunk_ghost_grave
D:4:      layout_loops_cross, led_xom_imps, eat_drink_and_be_merry_uskayaw,
          mainiacjoe_overflow_catwalk, serial_shops, nicolae_shop_rolling_square
D:5:      layout_cave_pools, lemuel_temple_firewalk_b, grunt_decor_resistance,
          nicolae_sextant, nicolae_elevator_lobby_plus
D:6:      kennysheep_windowed_halls, layout_loops_ring,
          mainiacjoe_overflow_24_doors, gammafunk_ghost_hive
D:9:      layout_gridville, kennysheep_mini_moat, due_lair_maze_entry_diamond
D:11:     layout_stronghold, erik_orc_2, serial_column_ruins,
          column_ruins_pillar_9, column_ruins_pillar_4, column_ruins_pillar_6,
          column_ruins_pillar_2, column_ruins_pillar_11, column_ruins_pillar_6,
          column_ruins_pillar_1, column_ruins_pillar_4, column_ruins_pillar_2,
          column_ruins_pillar_2, column_ruins_pillar_7, column_ruins_pillar_2,
          column_ruins_pillar_1, column_ruins_pillar_6, column_ruins_pillar_4,
          column_ruins_pillar_5, column_ruins_pillar_11, column_ruins_pillar_3,
          column_ruins_pillar_4, column_ruins_pillar_3, minmay_liquid_box,
          kennysheep_windowed_goal
Temple:   dshaligram_water_room_temple

Skill      XL: |  1  2  3  4  5  6  7  8  9 |
---------------+----------------------------+-----
Invocations    | 1 2 3 4 |  4.5
Short Blades   | 1 2 3 4 |  4.1
Long Blades    | 1 2 3 4 |  4.1
Maces & Flails | 1 2 3 4 |  4.1
Polearms       | 1 2 3 4 |  4.1
Staves         | 1 2 3 4 |  4.1
Ranged Weapons | 1 2 3 4 |  4.1
Throwing       | 1 2 3 4 |  4.1
Armour         | 1 2 3 4 |  4.1
Dodging        | 1 2 3 4 |  4.1
Stealth        | 1 2 3 4 |  4.1
Shields        | 1 2 3 4 |  4.1
Unarmed Combat | 1 2 3 4 |  4.1
Evocations     | 1 2 3 4 |  4.1
Spellcasting   | 3 4 5 |  5.1
Shapeshifting  | 1 2 3 |  3.7
Conjurations   | 1 2 3 |  3.4
Hexes          | 1 2 3 |  3.4
Summonings     | 1 2 3 |  3.4
Necromancy     | 1 2 3 |  3.4
Translocations | 1 2 3 |  3.4
Transmutations | 1 2 3 |  3.4
Ice Magic      | 1 2 3 |  3.4
Air Magic      | 1 2 3 |  3.4
Earth Magic    | 1 2 3 |  3.4
Poison Magic   | 1 2 3 |  3.4
Fighting       | 7 |  7.8
Axes           | 7 |  7.8
Fire Magic     | 6 |  6.5

Action                     |  1- 3 |  4- 6 |  7- 9 || total
---------------------------+-------+-------+-------++-------
  Melee: Hand axe          |    28 |    72 |    17 ||   117
         Bite              |     2 |    10 |     6 ||    18
         Staff             |     5 |    22 |    23 ||    50
         Punch             |       |     3 |     1 ||     4
   Cast: Scorch            |    36 |    72 |   135 ||   243
    Use: Scroll            |       |       |    19 ||    19
 Armour: Robe              |    26 |       |       ||    26
         Scale mail        |       |     4 |       ||     4
         Ring mail         |       |    76 |    98 ||   174
  Dodge: Dodged            |    33 |    62 |    56 ||   151

Table legend: (Time is in decaauts)
 A = Elapsed time spent in this place.
 B = Non-inter-level travel time spent in this place.
 C = Inter-level travel time spent in this place.
 D = Time resting spent in this place.
 E = Time spent auto-exploring this place.
 F = Levels seen in this place.
 G = Mean time per level.
                   A        B        C        D        E       F      G
               +--------+--------+--------+--------+--------+-----+--------+
         Total |   8509 |   7987 |    522 |   1131 |   5006 |   9 |  945.4 |
       Dungeon |   8490 |   7976 |    514 |   1131 |   5006 |   8 | 1061.2 |
        Temple |     18 |     10 |      8 |      0 |      0 |   1 |   18.0 |
               +--------+--------+--------+--------+--------+-----+--------+

Top non-repeatable levels by time:
     D:3: 1953 daAuts
     D:4: 1830 daAuts
     D:5: 1370 daAuts
     D:1: 1274 daAuts
     D:2: 1123 daAuts
     D:6: 597 daAuts
     D:9: 269 daAuts
    D:11: 70 daAuts
  Temple: 18 daAuts
